Ghost+Dexn rekt by 17 pdr

Match 19856778
End
Kradschützen Motorcycle Team
Selects Italian Infantry
Panzergrenadier Squad
Construct Light Support Kompanie
Panzerjäger Squad
2.5-tonne Medical Truck
Selects Guastatori Squad
Guastatori Squad
Panzerjäger Mechanized Group
Guastatori Squad
Fire Support Elements
Selects Sound the Alarm
Construct Panzerarmee Kommand
Selects Prepared Positions
Veteran Squad Leaders
Armored Reserves
Panzergrenadier Squad
Selects Obice 305mm Barrage
Tiger Heavy Tank
Vehicle Survival Package
Obice 305mm Barrage
Selects Registered Artillery
Selects Towed Cannone da 105/28 Field Howitzer
Emergency Repair Kits
Obice 305mm Barrage
Flak 36 Anti-tank Gun Team
Registered Artillery
Registered Artillery
Obice 305mm Barrage
Panzer IV Assault Group
DexN
Ghost
鲨鱼@
Ok.okokok
0
0

Comments sign in to comment!

No comments posted yet!